 Dungeon Crawl Stone Soup version 0.22-a0-363-g29407c6 (webtiles) character file.

115 Bargorn the Shield-Bearer (level 5, -1/33 HPs)
             Began as a Gargoyle Fighter on Apr 22, 2018.
             Slain by an ogre
             ... wielding a +0 giant club
              (10 damage)
             ... on level 3 of the Dungeon.
             The game lasted 00:03:47 (2064 turns).

Bargorn the Shield-Bearer (Gargoyle Fighter)        Turns: 2064, Time: 00:03:47

Health: -1/33      AC: 11    Str: 19    XL:     5   Next: 0%
Magic:  0/5        EV:  7    Int:  9    God:
Gold:   45         SH: 10    Dex: 10    Spells: 4/4 levels left

rFire    . . .     SeeInvis .   a - +0 flail
rCold    . . .     Gourm    .   c - +1 shield
rNeg     + . .     Faith    .   b - +0 scale mail
rPois    ∞         Spirit   +   (no helmet)
rElec    +         Reflect  .   (no cloak)
rCorr    .         Harm     .   (no gloves)
MR       .....                  (no boots)
Stlth    ..........             k - amulet of guardian spirit
HPRegen  0.11/turn              (no ring)
MPRegen  0.09/turn              (no ring)

@: no status effects
A: negative energy resistance 1, electricity resistance, unbreathing,
petrification resistance, rot immunity, AC +4
a: no special abilities


You were on level 3 of the Dungeon.
You were not hungry.

You visited 1 branch of the dungeon, and saw 3 of its levels.

You collected 45 gold pieces.

Inventory:

Hand Weapons
 a - a +0 flail (weapon)
Armour
 b - a +0 scale mail (worn)
 c - a +1 shield (worn)
Jewellery
 k - an amulet of guardian spirit (around neck)
Scrolls
 e - a scroll of blinking {unknown}
 h - a scroll of enchant weapon {unknown}
 j - a scroll of teleportation {unknown}
 o - a scroll of random uselessness {unknown}
Potions
 d - 3 potions of might
 i - 4 potions of curing
 l - a potion of mutation {unknown}
 m - a potion of haste {unknown}
 n - a potion of ambrosia {unknown}
 r - a potion of magic {unknown}
Comestibles
 f - 6 rations


   Skills:
 + Level 4.0 Fighting
 * Level 3.4 Maces & Flails
 + Level 4.0 Armour
 + Level 4.0 Shields


You had 4 spell levels left.
You didn't know any spells.

Dungeon Overview and Level Annotations

Branches:
Dungeon (3/15)

Altars:
Gozag


Innate Abilities, Weirdness & Mutations

You are resistant to torment.
Your stone body is resilient. (AC +4)
You are immune to poison.
You resist negative energy. (rN+)
You are resistant to electric shocks. (rElec)
You can survive without breathing.
You are immune to petrification.
You are immune to rotting.


Message History

You sock the ogre!
The ogre is moderately wounded.
You block the hobgoblin's attack. The ogre hits you with a giant club!
* * * LOW HITPOINT WARNING * * *
You block the hobgoblin's attack.
Found a leather armour.
Found a robe.
Found a stone staircase leading down.
Found a stone staircase leading down.
A goblin comes into view. It is wielding a club.
The goblin shouts!
You hear a shout!
A hobgoblin comes into view. It is wielding a club.
A rat comes into view.
Found a pair of boots and a scroll of identify.
You sock the goblin!
You kill the goblin!
You have reached level 5!
A rat comes into view.
The ogre barely misses you. The ogre hits you with a giant club!
You die...

..#. ##.. .. ..?.# #..
###r# .....##.### ...
#[.....r####.# ..
###...gg.)..# ...
#...####.g.#### #
....###.### ##g....#.#
.....[..# ####O.#.<...#
>.......###..@.#####.....%.
....#.#..#..#### ..#####
... #.##...## .... .# #.
##...# #<.## . #.#..# #.. #
..##..# #.# #.## #... .# [.
###> ..# .


You could see an ogre, a hobgoblin and a goblin.

Vanquished Creatures
  A bullfrog zombie (D:3)
  3 adders (D:2)
  A worm (D:2)
  A dart slug (D:2)
  A leopard gecko (D:2)
  5 bats
  4 giant cockroaches
  6 goblins
  6 hobgoblins
  4 jackals (D:1)
  3 kobolds
  A quokka (D:2)
  6 frilled lizards
  2 rats (D:1)
44 creatures vanquished.

Notes
Turn   | Place    | Note
-------+----------+-------------------------------------------
     0 | D:1      | Bargorn the Gargoyle Fighter began the quest for the Orb.
     0 | D:1      | Reached XP level 1. HP: 14/14 MP: 1/1
   215 | D:1      | Reached XP level 2. HP: 4/19 MP: 2/2
   979 | D:1      | Reached XP level 3. HP: 23/23 MP: 3/3
  1386 | D:2      | Found an opulent altar of Gozag.
  1498 | D:2      | Reached XP level 4. HP: 21/29 MP: 4/4
  2029 | D:3      | Noticed an ogre
  2059 | D:3      | Reached XP level 5. HP: 8/33 MP: 2/5
  2064 | D:3      | Slain by an ogre

Vault maps used:
D:1:      tarquinn_simple_flora_water_c
D:2:      nicolae_gozag_cash_rules_everything_around_me
D:3:      st_stairs_2, okawaru_trees_1

Skill      XL: |  1  2  3  4 |
---------------+-------------+-----
Maces & Flails | 3 |  3.4
Fighting       | 4 |  4.0
Armour         | 4 |  4.0
Shields        | 4 |  4.0

Action                   |  1- 3 |  4- 6 || total
-------------------------+-------+-------++-------
Melee: Flail             |   163 |    50 ||   213
  Use: Scroll            |     5 |       ||     5
  Eat: Chunk             |     2 |     2 ||     4
Armor: Scale mail        |   109 |    27 ||   136
Dodge: Dodged            |    66 |    15 ||    81
Block: Shield            |   121 |    28 ||   149

Table legend:
 A = Spawn XP
 B = Non-spawn XP
 C = Spawn XP percentage of total XP
 D = Spawn monster count
 E = Non-spawn monster count
 F = Spawn count percentage of total count
 G = Total turns spent on level
                    A         B        C        D         E        F      G
               +---------+---------+-------+---------+---------+-------+---------
         Total |       0 |     165 |   0.0 |       0 |      44 |   0.0 |  2064
               +---------+---------+-------+---------+---------+-------+---------
           D:1 |       0 |      36 |   0.0 |       0 |      21 |   0.0 |  1216
           D:2 |       0 |      77 |   0.0 |       0 |      20 |   0.0 |   806
           D:3 |       0 |      52 |   0.0 |       0 |       3 |   0.0 |    42
               +---------+---------+-------+---------+---------+-------+---------
